 Dungeon Crawl Stone Soup version 0.29.1-1-gd02db6906a (webtiles) character file.

Game seed: 9384813246636796794

76 NullDivider the Sneak (level 4, -2/27 HPs)
             Began as an Octopode Hedge Wizard on Sept 22, 2022.
             Killed by divine providence
             ... invoked by an orc priest
              (14 damage)
             ... on level 3 of the Dungeon.
             The game lasted 00:13:05 (2262 turns).

NullDivider the Sneak (Octopode Hedge Wizard)       Turns: 2262, Time: 00:13:05

Health: -2/27      AC:  5    Str:  9    XL:     4   Next: 32%
Magic:  7/9        EV: 13    Int: 16    God:
Gold:   66         SH:  0    Dex: 13    Spells: 4/9 levels left

rFire   . . .      SeeInvis .   a - +0 dagger
rCold   . . .      Faith    .   (no shield)
rNeg    . . .      Spirit   .   b - +0 hat
rPois   .          Reflect  .   i - amulet of regeneration
rElec   .          Harm     .   m - +4 ring of protection
rCorr   .          Rampage  .   (no ring)
Will    .....                   (no ring)
Stlth   +++.......              (no ring)
HPRegen 0.89/turn               (no ring)
MPRegen 0.11/turn               (no ring)
                                (no ring)
                                (no ring)

@: no status effects
A: almost no armour, amphibious, 8 rings, camouflage 1, gelatinous body 1,
(nimble swimmer 1), tentacles
a: no special abilities


You were on level 3 of the Dungeon.
You visited 1 branch of the dungeon, and saw 3 of its levels.

You collected 66 gold pieces.

Inventory:

Hand Weapons
 a - a +0 dagger (weapon)
Armour
 b - a +0 hat (worn)
Jewellery
 i - an amulet of regeneration (around mantle)
 m - a +4 ring of protection (left tentacle)
Scrolls
 d - a scroll of noise {unknown}
 e - 4 scrolls of identify {unknown}
 h - a scroll of vulnerability {unknown}
 j - 3 scrolls of enchant armour {unknown}
 k - a scroll of butterflies {unknown}
 l - a scroll of teleportation {unknown}
Potions
 c - a potion of magic
 f - 4 potions of curing
 g - a potion of lignification {unknown}


   Skills:
 * Level 1.3 Short Blades
 + Level 2.4 Dodging
 * Level 3.5 Stealth
 * Level 3.3 Spellcasting
 + Level 1.5 Conjurations
 + Level 1.5 Summonings
 + Level 1.5 Translocations


You had 4 spell levels left.
You knew the following spells:

 Your Spells              Type           Power      Damage    Failure   Level
a - Magic Dart            Conj           28%        1d4       10%         1
b - Blink                 Tloc           14%        N/A       14%         2
c - Call Imp              Summ           7%         N/A       14%         2

Your spell library contained the following spells:

 Spells                   Type           Power      Damage    Failure   Level
 Slow                     Hex            8%         N/A       19%         1
 Ensorcelled Hibernation  Hex/Ice        4%         N/A       26%         2
 Passwall                 Tmut/Erth      1%         N/A       26%         2
 Conjure Flame            Conj/Fire      5%         6-21      36%         3
 Mephitic Cloud           Conj/Pois/Air  4%         N/A       41%         3
 Swiftness                Air            2%         N/A       47%         3


Dungeon Overview and Level Annotations

Branches:
Dungeon (3/15)

Altars:

Shops:
D:1 :

Annotations:
D:3 1 transporter


Innate Abilities, Weirdness & Mutations

You cannot wear most types of armour.
You are amphibious.
You can wear up to eight rings at the same time.
Your skin changes colour to match your surroundings (Stealth+).
Your rubbery body absorbs attacks. (AC +1, EV +1)
((You are camouflaged when in or above water. (Stealth+)))
You have tentacles for arms and can constrict up to eight enemies at once.


Message History

You see here a rat corpse.
You closely miss the goblin. Your grab misses the goblin.
The goblin closely misses you.
You hit the goblin but do no damage. Your grab misses the goblin.
You squeeze the goblin.
The goblin is moderately wounded.
The goblin misses you.
You hit the goblin.
You kill the goblin!
An orc comes into view. It is wielding a +0 mace.
Found a leather armour.
You open the door.
There is an open door here.
An orc priest comes into view. It is wielding a +0 club.
You see here a +0 leather armour.
The magic dart hits the orc priest but does no damage.
The orc priest shouts!
The orc shouts!
The orc priest shouts!
The magic dart hits the orc priest but does no damage.
You miscast Magic Dart.
You are very lightly contaminated with residual magic.
Nothing appears to happen.
The magic dart hits the orc priest but does no damage.
The orc priest mumbles some strange prayers to Beogh against you.
Beogh smites you!
Ouch! That really hurt!
The orc priest invokes the aid of Beogh against you.
Pain shoots through your body!
* * * LOW HITPOINT WARNING * * *
The orc priest looks encouraged for a moment.
Your magical contamination has completely faded away.
There is an open door here.
You close the door.
Something unseen opens the door.
It was a potion of curing.
You feel better.
The orc priest mumbles some strange prayers to Beogh against you.
Pain shoots through your body!
The orc priest calls down the wrath of Beogh upon you.
Beogh smites you!
Ouch! That really hurt!
You die...

###############
######......oo.o...#
#............######'#####.
#............# #........
#............# #.o......
#........@...### #.......#
#...............##.......#
#..>...).........[.......#
#.........................
#.........................
#............#######...##.
##'##.######## #### #.##.#
#o##†#


You could see 2 orc priests.

Vanquished Creatures
  An orc priest (D:3)
  3 dart slugs (D:1)
  An orc (D:3)
  An endoplasm (D:2)
  7 goblins
  2 hobgoblins (D:1)
  3 jackals (D:1)
  3 kobolds
  3 quokkas (D:1)
  3 ball pythons
  4 bats
  A frilled lizard (D:2)
  4 rats
36 creatures vanquished.

Notes
Turn   | Place    | Note
-------+----------+-------------------------------------------
     0 | D:1      | NullDivider the Octopode Hedge Wizard began the quest for
                  | the Orb.
     0 | D:1      | Reached XP level 1. HP: 11/11 MP: 4/4
   136 | D:1      | You fall into a shaft and drop 1 floor!
   371 | D:2      | Reached XP level 2. HP: 17/17 MP: 6/6
   832 | D:1      | Found Atagrel's Book Shoppe.
  1085 | D:1      | Reached skill level 1 in Short Blades
  1085 | D:1      | Reached XP level 3. HP: 21/21 MP: 7/7
  1555 | D:1      | Found a faded altar of an unknown god.
  1613 | D:1      | Learned a level 2 spell: Blink
  1616 | D:1      | Learned a level 2 spell: Call Imp
  2160 | D:3      | Reached XP level 4. HP: 27/27 MP: 7/9
  2184 | D:3      | Found a transporter.
  2262 | D:3      | Killed from afar by an orc priest

Illustrated notes

Levels and vault maps discovered:
D:1:      saegor_arrival_simple_b, layout_basic, serial_shops, shop,
          shapermc_ecumenical_altar_flowoftime
D:2:      layout_loops_cross, nrook_uturn, roderic_lattice_a,
          minmay_heptomino_l4
D:3:      gammafunk_steamed_eel, layout_basic

Skill      XL: |  1  2 |
---------------+-------+-----
Stealth        | 3 |  3.5
Short Blades   | 1 |  1.3
Dodging        | |  2.4
Spellcasting   | |  3.3
Conjurations   | |  1.5
Summonings     | |  1.5
Translocations | |  1.5

Action                   |  1- 3 |  4- 6 || total
-------------------------+-------+-------++-------
Melee: Dagger            |    70 |     4 ||    74
       Tentacles         |    17 |     1 ||    18
       Constrict         |    13 |       ||    13
 Cast: Magic Dart        |     4 |     3 ||     7
       Call Imp          |     1 |       ||     1
  Use: Potion            |       |     1 ||     1
 Stab: Sleeping          |    15 |       ||    15
Armor: Skin              |     7 |       ||     7
Dodge: Dodged            |    30 |     2 ||    32
